 Dungeon Crawl Stone Soup version 0.20.0-10-g0535bb4 (webtiles) character file.

112774 grindst0ne the Warrior (level 16, -15/110 HPs)
             Began as a Gargoyle Fighter on June 4, 2017.
             Was the Champion of Okawaru.
             Demolished by a sun demon (18 damage)
             ... summoned by an orc high priest
             ... on level 2 of the Orcish Mines.
             The game lasted 01:11:37 (28889 turns).

grindst0ne the Warrior (Gargoyle Fighter)          Turns: 28889, Time: 01:11:38

Health: -15/110    AC: 36    Str: 20    XL:     16   Next: 61%
Magic:  0/22       EV: 16    Int: 11    God:    Okawaru [******]
Gold:   2382       SH: 10    Dex: 14    Spells: 15/15 levels left

rFire    x . .     SeeInvis +   W - +11 hand axe of Giky {flame, rElec}
rCold    + + .     Gourm    .   J - +1 shield {rPois}
rNeg     + + .     Faith    .   H - +5 chain mail of Ilimmiuh {rPois rF- rC+ SInv}
rPois    ∞         Spirit   +   y - +1 helmet
rElec    +         Reflect  .   h - scarf {repulsion}
rCorr    .         Harm     .   b - +0 pair of gloves of the Realm of Zot {rElec rN+} (curse)
MR       +....                  t - +0 pair of boots
Stlth    ..........             l - amulet of guardian spirit
Regen    0.3/turn               X - +3 ring of protection
MPRegen  0.2/turn               p - +5 ring of evasion

@: about to teleport, flying, repel missiles
A: big wings, cold resistance 1, negative energy resistance 1, electricity
resistance, unbreathing, petrification resistance, rot immunity, AC +11
a: Stop Flying, Heroism, Finesse, Renounce Religion


You were on level 2 of the Orcish Mines.
You worshipped Okawaru.
Okawaru was exalted by your worship.
You were not hungry.

You visited 4 branches of the dungeon, and saw 24 of its levels.
You also visited: Sewer and Bailey.

You collected 2382 gold pieces.

Inventory:

Hand Weapons
 P - a +0 executioner's axe of chopping
 W - the +11 hand axe of Giky (weapon) {flame, rElec}
   (Okawaru gifted it to you on level 14 of the Dungeon)

   It has been specially enchanted to burn those struck by it, causing extra
   injury to most foes and up to half again as much damage against particularly
   susceptible opponents.
   Big, fiery blades are also staple armaments of hydra-hunters.
   It insulates you from electricity.
Armour
 b - the cursed +0 pair of gloves of the Realm of Zot (worn) {rElec rN+}
   (You found it on level 15 of the Dungeon)

   It insulates you from electricity.
   It protects you from negative energy.
   It has a curse placed upon it.
 h - a scarf of repulsion (worn)
 t - a +0 pair of boots (worn)
 y - a +1 helmet (worn)
 H - the +5 chain mail of Ilimmiuh (worn) {rPois rF- rC+ SInv}
   (You found it on level 8 of the Dungeon)

   It makes you vulnerable to fire.
   It protects you from cold.
   It protects you from poison.
   It lets you see invisible.
 J - a +1 shield of poison resistance (worn)
 M - a +2 shield of cold resistance
 T - the +0 pair of gloves "Wixexea" {rF+ Int+2 Slay+3}
   (Okawaru gifted it to you on level 7 of the Dungeon)

   It affects your intelligence (+2).
   It affects your accuracy and damage with ranged weapons and melee attacks
   (+3).
   It protects you from fire.
Jewellery
 g - an uncursed ring of resist corrosion
 k - an uncursed ring of protection from cold
 l - an amulet of guardian spirit (around neck)
 p - a +5 ring of evasion (right hand)
 F - an uncursed ring of magical power
 U - an uncursed ring of protection from fire
 X - a +3 ring of protection (left hand)
Wands
 a - a wand of iceblast (3/15)
 e - a wand of disintegration (14/24)
 i - a wand of confusion (31/48)
 q - a wand of iceblast (6/15)
 v - a wand of polymorph (8/24)
 B - a wand of acid (5/15)
 K - a wand of clouds (0/9)
 O - a wand of scattershot (1/9)
Scrolls
 j - 4 scrolls of recharging
 o - 6 scrolls of teleportation
 w - a scroll of brand weapon
 x - 4 scrolls of enchant weapon
 A - 3 scrolls of magic mapping
 C - 6 scrolls of fear
 D - 4 scrolls of fog
 E - 9 scrolls of remove curse
 L - 5 scrolls of blinking
 N - a scroll of holy word {unknown}
 Q - a scroll of acquirement
 R - 2 scrolls of enchant armour
Potions
 c - a potion of ambrosia
 n - a potion of might
 s - 2 potions of lignification
 z - 5 potions of agility
 I - 2 potions of cancellation
 S - a potion of mutation
 V - 2 potions of resistance
 Y - 2 potions of curing
 Z - a potion of berserk rage
Miscellaneous
 m - 2 phantom mirrors
Comestibles
 d - 18 meat rations
 f - 10 bread rations
 r - 9 royal jellies
 u - 32 fruits
 G - 10 chunks of flesh


   Skills:
 - Level 16.2 Fighting
 - Level 14.0 Axes
 - Level 11.0 Armour
 + Level 11.3 Dodging
 - Level 3.2 Shields
 - Level 7.0 Invocations
 - Level 9.0 Evocations


You had 15 spell levels left.
You didn't know any spells.

Dungeon Overview and Level Annotations

Branches:
Dungeon (15/15)            Temple (1/1) D:4            Lair (6/6) D:11
 Shoals (0/4) Lair:3        Snake (0/4) Lair:4        Slime (0/5) Lair:6
    Orc (2/2) D:10            Elf (0/3) Orc:2        Vaults (0/5) D:13
 Depths (0/5) D:15

Altars:
Ashenzari
Cheibriados
Dithmenos
Elyvilon
Fedhas
Gozag
Hepliaklqana
Kikubaaqudgha
Makhleb
Nemelex Xobeh
Okawaru
Qazlal
Ru
Sif Muna
Trog
Uskayaw
Vehumet
Xom
Yredelemnul
Zin
The Shining One
Beogh
Jiyva

Shops:
Orc:2 ?![!


Innate Abilities, Weirdness & Mutations

You are resistant to torment.
Your stone body is resilient. (AC +11)
You are immune to poison.
Your large and strong wings let you fly indefinitely.
You resist negative energy. (rN+)
You are resistant to electric shocks. (rElec)
You can survive without breathing.
You are immune to petrification.
You are immune to rotting.
Your flesh is cold resistant. (rC+)


Message History

* * * LOW HITPOINT WARNING * * *
As you read the scroll of teleportation, it crumbles to dust.
You feel strangely unstable. The sun demon hits you!
* * * LOW HITPOINT WARNING * * *
You are engulfed in flames!!
The fire burns you terribly!
* * * LOW HITPOINT WARNING * * *
The orc knight roars a battlecry!
The sun demon closely misses you.
You feel better.
The orc high priest no longer looks unusually strong.
The hellwing completely misses you. The hellwing misses you.
You block the sun demon's attack.
You feel better.
The orc knight roars a battlecry!
The orcs go into a battle-frenzy!
You block the hellwing's attack. The hellwing closely misses you.
The sun demon hits you!
* * * LOW HITPOINT WARNING * * *
You are engulfed in flames!!
The fire burns you terribly!
You die...

.###.###..#....#.###
..#...##)..#####...###
..⌠.⌠..#...#...#8....##
...∩....).)#...#......#
..⌠.⌠#.....#._.).....##
...........#...#.....#
...........#...#8...##
..........)#####.....#
.......).).....4@.#.##
.......)))...[)3..###
.......)...).oo3.##
................##
...........4o####
.......#.[)....# #######
.........)..o..# ###.....###
.............o.####.........###
.........)..4..##.............##


You could see 2 orc knights, a soul eater, an orc high priest, a sun demon, a
hellwing and a red devil.

Vanquished Creatures
  A frost giant (D:15)
  The ghost of Fingolfin the Severer, a journeyman MiBe of Trog (Lair:6)
  2 entropy weavers (Lair:4)
  The ghost of removed the Lord of Darkness, a journeyman DEAs of Kikubaaqudgha (Lair:6)
  7 hydras
  4 vault guards (D:13)
  Erolcha (D:9)
  A catoblepas (Lair:6)
  3 centaur warriors
  A queen ant (Lair:4)
  13 two-headed ogres
  3 tengu warriors (D:15)
  2 ogre magi (D:13)
  An orc high priest (Bailey)
  4 skeletal warriors (D:14)
  A fire crab (Lair:3)
  3 unseen horrors
  The ghost of Scud the Thaumaturge, a novice KoSu of Hepliaklqana (D:7)
  A wizard (D:15)
  A wolf spider zombie (D:14)
  Pikel (D:9)
  13 ugly things
  An orb spider (shapeshifter) (D:14)
  12 orc knights
  2 orc sorcerers (Orc:2)
  2 deep elf magi
  An oklob plant (Lair:1)
  7 elephants
  A manticore (D:7)
  4 cyclopes
  2 black mambas
  5 centaur skeletons
  A guardian serpent (shapeshifter) (D:15)
  Psyche (D:10)
  A torpor snail (Lair:4)
  4 gargoyles
  28 spiny frogs
  6 komodo dragons
  A yaktaur (D:15)
  A kobold demonologist (Bailey)
  3 rime drakes
  16 trolls
  2 merfolk
  6 polar bears
  4 tyrant leeches (Lair:6)
  A polar bear (shapeshifter) (D:11)
  13 hippogriffs
  21 blink frogs
  A snapping turtle (Lair:3)
  6 dream sheep
  Sigmund (D:2)
  9 wyverns
  A vampire (D:14)
  2 humans (D:13)
  48 yaks
  3 basilisks
  10 vampire mosquitoes
  A hungry ghost (D:9)
  2 wargs
  Menkaure (D:7)
  26 soldier ants
  10 water moccasins
  37 orc warriors
  11 porcupines
  5 sky beasts
  6 ice beasts
  6 black bears (D:7)
  An eye of draining (D:10)
  3 phantoms
  2 necrophages (D:10)
  13 ogres
  10 wolves
  17 centaurs
  9 crocodiles
  5 big kobolds
  27 bullfrogs
  6 scorpions
  4 killer bees (D:10)
  9 electric eels
  21 wights
  4 howler monkeys
  3 crimson imps
  3 centaur zombies
  2 quasits
  14 hounds
  6 jellies
  4 bullfrog skeletons
  21 orc priests
  20 orc wizards
  5 iguanas
  33 worker ants
  2 killer bee zombies
  A hound zombie (D:5)
  4 worker ant zombies
  8 gnolls (Bailey)
  13 adders
  4 shadow imps
  An ooze (D:4)
  An adder zombie (D:7)
  2 adder skeletons
  3 worms
  A dart slug (D:2)
  6 leopard geckos
  101 orcs
  6 giant cockroaches
  10 hobgoblins
  17 jackals
  3 quokkas
  4 ball pythons
  8 bats
  11 frilled lizards
  20 goblins
  A jackal zombie (D:9)
  34 kobolds
  A leopard gecko skeleton (D:7)
  2 leopard gecko zombies
  A quokka skeleton (D:7)
  A quokka zombie (D:6)
  8 rats
  8 fungi
  14 plants
936 creatures vanquished.

Vanquished Creatures (others)
  3 slaves (D:9)
  A howler monkey (D:9)
  A howler monkey skeleton (D:9)
  2 jackals (D:9)
  A bush (Lair:4)
  19 fungi
  71 plants
98 creatures vanquished.

Grand Total: 1034 creatures vanquished

Notes
Turn   | Place    | Note
-------+----------+-------------------------------------------
     0 | D:1      | grindst0ne the Gargoyle Fighter began the quest for the Orb.
     0 | D:1      | Reached XP level 1. HP: 14/14 MP: 1/1
   163 | D:1      | Reached XP level 2. HP: 20/20 MP: 2/2
   188 | D:1      | Reached skill level 4 in Fighting
   577 | D:2      | Reached XP level 3. HP: 13/24 MP: 3/3
   727 | D:2      | Noticed Sigmund
   863 | D:2      | Killed Sigmund
   863 | D:2      | Reached skill level 6 in Fighting
   863 | D:2      | Reached XP level 4. HP: 32/32 MP: 4/4
   863 | D:2      | Reached XP level 5. HP: 37/37 MP: 5/5
  1176 | D:2      | Reached skill level 7 in Fighting
  1483 | D:3      | Reached XP level 6. HP: 44/44 MP: 6/6
  2139 | D:4      | Reached skill level 5 in Armour
  2191 | D:4      | Found a staircase to the Ecumenical Temple.
  2214 | Temple   | Entered the Ecumenical Temple
  2308 | Temple   | Became a worshipper of Warmaster Okawaru
  2520 | D:4      | Reached XP level 7. HP: 45/48 MP: 7/7
  2943 | D:5      | Entered Level 5 of the Dungeon
  3000 | D:5      | Found a glowing drain.
  3033 | Sewer    | Entered a sewer
  4079 | D:5      | Reached * piety under Okawaru
  4096 | D:5      | Reached XP level 8. HP: 46/53 MP: 6/8
  5165 | D:6      | Found a shimmering altar of Xom.
  5298 | D:6      | Reached ** piety under Okawaru
  5397 | D:6      | Reached skill level 10 in Armour
  6085 | D:7      | You fall through a shaft!
  6141 | D:8      | Reached XP level 9. HP: 56/57 MP: 9/9
  6316 | D:8      | Reached skill level 1 in Evocations
  6471 | D:7      | Noticed Menkaure
  6482 | D:7      | Killed Menkaure
  6523 | D:7      | Reached *** piety under Okawaru
  6766 | D:7      | Noticed Scud's ghost (novice KoSu)
  6935 | D:7      | Killed Scud's ghost
  7068 | D:7      | Noticed a two-headed ogre
  7079 | D:7      | Killed a two-headed ogre
  7079 | D:7      | Reached **** piety under Okawaru
  7079 | D:7      | Reached XP level 10. HP: 63/63 MP: 13/15
  7161 | D:7      | Found a huge runed gate.
  7162 | D:7      | Found a huge runed gate.
  7162 | D:7      | Found a huge runed gate.
  7162 | D:7      | Found a huge runed gate.
  7163 | D:7      | Noticed a manticore
  7725 | D:8      | Got an ichor-stained chain mail
  7738 | D:8      | Identified the +5 chain mail of Ilimmiuh {rPois rF- rC+ SInv} (You found it on level 8 of the Dungeon)
  8293 | D:9      | Reached ***** piety under Okawaru
  8341 | D:9      | Reached skill level 8 in Fighting
  8491 | D:9      | Noticed Pikel
  8500 | D:9      | Killed Pikel
  8501 | D:9      | Noticed a two-headed ogre
  8509 | D:9      | Killed a two-headed ogre
  8683 | D:9      | Noticed Erolcha
  8694 | D:9      | Killed Erolcha
  8694 | D:9      | Reached skill level 5 in Axes
  8694 | D:9      | Reached XP level 11. HP: 39/68 MP: 10/17
  8746 | D:9      | Received a gift from Okawaru
  8833 | D:9      | Noticed a two-headed ogre
  8840 | D:9      | Killed a two-headed ogre
  9157 | D:10     | Entered Level 10 of the Dungeon
  9164 | D:10     | Noticed Psyche
  9167 | D:10     | Killed Psyche
  9393 | D:10     | Found a flagged portal.
  9419 | Bailey   | Entered a bailey
  9478 | Bailey   | Found an iron altar of Okawaru.
  9478 | Bailey   | Noticed an orc high priest
  9497 | Bailey   | Killed an orc high priest
  9526 | Bailey   | Noticed an orc knight
  9536 | Bailey   | Killed an orc knight
  9543 | Bailey   | Reached ****** piety under Okawaru
  9956 | Bailey   | Noticed an orc knight
  9966 | Bailey   | Killed an orc knight
  9966 | Bailey   | Received a gift from Okawaru
 10468 | D:10     | Reached skill level 10 in Axes
 10474 | D:10     | Found a staircase to the Orcish Mines.
 10876 | D:10     | Noticed a two-headed ogre
 10883 | D:10     | Killed a two-headed ogre
 10883 | D:10     | Reached XP level 12. HP: 30/73 MP: 8/18
 11163 | D:10     | Noticed a two-headed ogre
 11196 | D:10     | Killed a two-headed ogre
 12644 | D:7      | Received a gift from Okawaru
 12661 | D:7      | Got a pair of faintly glowing gloves {god gift}
 12667 | D:7      | Identified the +0 pair of gloves "Wixexea" {rF+ Int+2 Slay+3} (Okawaru gifted it to you on level 7 of the Dungeon)
 12951 | D:11     | Found a staircase to the Lair.
 13573 | D:12     | Noticed a two-headed ogre
 13581 | D:12     | Killed a two-headed ogre
 13683 | Lair:1   | Entered Level 1 of the Lair of Beasts
 13693 | Lair:1   | Gained mutation: You occasionally shout uncontrollably at your foes. [potion of mutation]
 13693 | Lair:1   | Gained mutation: Your spells are a little harder to cast, but a little more powerful. [potion of mutation]
 13693 | Lair:1   | Gained mutation: You have sharp toenails. [potion of mutation]
 14025 | Lair:1   | Noticed a seven-headed hydra
 14031 | Lair:1   | Killed a seven-headed hydra
 14387 | Lair:2   | Noticed a five-headed hydra
 14407 | Lair:2   | Killed a five-headed hydra
 14407 | Lair:2   | Reached XP level 13. HP: 62/78 MP: 15/19
 15296 | Lair:3   | Found a staircase to the Shoals.
 15869 | Lair:3   | Reached skill level 9 in Fighting
 16195 | Lair:4   | Found a staircase to the Snake Pit.
 16518 | Lair:4   | Reached skill level 10 in Fighting
 17011 | Lair:4   | Reached skill level 11 in Fighting
 17261 | Lair:4   | Reached skill level 12 in Fighting
 17272 | Lair:4   | Noticed an entropy weaver
 17275 | Lair:4   | Noticed an entropy weaver
 17620 | Lair:4   | Killed an entropy weaver
 17620 | Lair:4   | Received a gift from Okawaru
 17623 | Lair:4   | Got a fine halberd {god gift}
 17635 | Lair:4   | Identified the +1 halberd of Untruth {chop, Int+3} (Okawaru gifted it to you on level 4 of the Lair of Beasts)
 17746 | Lair:4   | Killed an entropy weaver
 17746 | Lair:4   | Reached skill level 13 in Fighting
 17746 | Lair:4   | Gained mutation: Your large and strong wings let you fly indefinitely. [Gargoyle growth]
 17746 | Lair:4   | Reached XP level 14. HP: 70/94 MP: 14/20
 18734 | Lair:5   | Reached skill level 14 in Fighting
 19036 | Lair:6   | Entered Level 6 of the Lair of Beasts
 19044 | Lair:6   | Received a gift from Okawaru
 19055 | Lair:6   | Got a dazzling war axe {god gift}
 19106 | Lair:6   | Identified the +4 war axe "Sileeps" {drain, Str+7} (Okawaru gifted it to you on level 6 of the Lair of Beasts)
 19217 | Lair:6   | Reached skill level 15 in Fighting
 19378 | Lair:6   | Noticed removed's ghost (journeyman DEAs)
 19452 | Lair:5   | Received a gift from Okawaru
 19765 | Lair:6   | Killed removed's ghost
 19870 | Lair:6   | Got a brightly glowing battleaxe
 19871 | Lair:6   | Identified the cursed +1 battleaxe of Xofazun {antimagic, Dex+3} (You found it on level 6 of the Lair of Beasts)
 19893 | Lair:6   | Noticed Fingolfin's ghost (journeyman MiBe)
 19977 | Lair:6   | Reached skill level 16 in Fighting
 19983 | Lair:6   | Killed Fingolfin's ghost
 20179 | Lair:6   | Reached skill level 1 in Invocations
 20834 | Lair:6   | Reached XP level 15. HP: 93/104 MP: 17/21
 20914 | Lair:6   | Reached skill level 5 in Invocations
 21029 | Lair:6   | Found a viscous altar of Jiyva.
 21029 | Lair:6   | Found a staircase to the Slime Pits.
 21614 | D:12     | Reached skill level 1 in Dodging
 22139 | D:12     | Lost mutation: Your spells are a little harder to cast, but a little more powerful. [potion of mutation]
 22139 | D:12     | Lost mutation: You have sharp toenails. [potion of mutation]
 22139 | D:12     | Lost mutation: You occasionally shout uncontrollably at your foes. [potion of mutation]
 22139 | D:12     | Gained mutation: You tend to lose your temper in combat. [potion of mutation]
 22139 | D:12     | Gained mutation: Your flesh is cold resistant. (rC+) [potion of mutation]
 22471 | D:13     | Received a gift from Okawaru
 22489 | D:13     | Got a transparent scale mail {god gift}
 22500 | D:13     | Identified the +1 scale mail of the Princeling {*Drain MR+ Dex+3} (Okawaru gifted it to you on level 13 of the Dungeon)
 22764 | D:13     | Reached skill level 5 in Dodging
 23221 | D:13     | Found a gate to the Vaults.
 23338 | D:13     | Lost mutation: You tend to lose your temper in combat. [mutagenic meat]
 24569 | D:14     | Received a gift from Okawaru
 24573 | D:14     | Got a steaming hand axe {god gift}
 24577 | D:14     | Identified the +11 hand axe of Giky {flame, rElec} (Okawaru gifted it to you on level 14 of the Dungeon)
 25105 | Lair:3   | Reached XP level 16. HP: 108/110 MP: 22/22
 25663 | D:14     | Found a glowing golden altar of the Shining One.
 25768 | D:15     | Entered Level 15 of the Dungeon
 25793 | D:15     | Found a bloodstained altar of Trog.
 26089 | D:15     | Reached skill level 10 in Dodging
 26099 | D:15     | Found a staircase to the Depths.
 26625 | D:15     | Got a pair of shimmering gloves
 26636 | D:15     | Identified the cursed +0 pair of gloves of the Realm of Zot {rElec rN+} (You found it on level 15 of the Dungeon)
 27131 | Orc:1    | Entered Level 1 of the Orcish Mines
 27731 | Orc:2    | Entered Level 2 of the Orcish Mines
 27810 | Orc:2    | Found Cuenerph's Distillery.
 27830 | Orc:2    | Found Heziulox's Armour Shop.
 28007 | Orc:2    | Found Emafaq's Magic Scroll Boutique.
 28029 | Orc:2    | Paralysed by an orc sorcerer for 5 turns
 28126 | Orc:2    | Found a roughly hewn altar of Beogh.
 28212 | Orc:2    | Found Giemyuqa's Distillery.
 28219 | Orc:2    | Received a gift from Okawaru
 28516 | Orc:2    | Found a staircase to the Elven Halls.
 28887 | Orc:2    | HP: 2/110 [sun demon[an orc high priest] (22)]
 28889 | Orc:2    | Demolished by a sun demon

Skill      XL: |  1  2  3  4  5  6  7  8  9 10 11 12 13 14 15 16 |
---------------+-------------------------------------------------+-----
Fighting       | 4 6 7 8 13 16 | 16.2
Armour         | 5 8 11 | 11.0
Evocations     | 7 9 |  9.0
Axes           | 5 10 13 14 | 14.0
Invocations    | 4 7 |  7.0
Dodging        | 8 11 | 11.3
Shields        | |  3.2

Action                   |  1- 3 |  4- 6 |  7- 9 | 10-12 | 13-15 | 16-18 || total
-------------------------+-------+-------+-------+-------+-------+-------++-------
Melee: War axe           |    61 |   193 |   862 |   198 |       |       ||  1314
       Battleaxe         |       |       |       |   421 |  1030 |       ||  1451
       Executioner's axe |       |       |       |   156 |       |       ||   156
       Kick              |       |       |       |    18 |   122 |       ||   140
       Hand axe          |       |       |       |       |    58 |   420 ||   478
Invok: Heroism           |       |       |       |       |       |     1 ||     1
 Abil: Fly               |       |       |       |       |     1 |       ||     1
Evoke: Wand              |       |       |     3 |     5 |    11 |       ||    19
  Use: Potion            |     1 |       |     7 |     3 |    10 |     4 ||    25
       Scroll            |       |       |    15 |     8 |     9 |     5 ||    37
 Stab: Petrified         |       |       |       |       |     5 |       ||     5
  Eat: Chunk             |       |     5 |    12 |    27 |    36 |    14 ||    94
       Bread ration      |       |       |     1 |       |       |       ||     1
       Royal jelly       |       |       |     1 |       |       |       ||     1
Armor: Scale mail        |    54 |    25 |       |       |     1 |       ||    80
       Plate armour      |       |   117 |   748 |    77 |       |       ||   942
       Chain mail        |       |       |       |   506 |   890 |   162 ||  1558
Dodge: Dodged            |    22 |    56 |   175 |   596 |   941 |   223 ||  2013
       Deflected         |       |       |       |    18 |    15 |     4 ||    37
Block: Shield            |    23 |   131 |   473 |   132 |       |   213 ||   972
